 Dungeon Crawl Stone Soup version 0.32-a0-900-g30fb1b0edc (webtiles) character file.

Game seed: 3848205783049821310

10117 SirFunk the Arsonist (level 11, -1/95 HPs)
             Began as a Mountain Dwarf Fire Elementalist on Apr 5, 2024.
             Was an Elder of Vehumet.
             Slain by a cane toad (19 damage)
             ... on level 8 of the Dungeon.
             The game lasted 01:03:54 (12896 turns).

SirFunk the Arsonist (MDFE)                        Turns: 12896, Time: 01:03:54

Health: -1/95      AC: 13    Str: 15    XL:     11   Next: 32%
Magic:  8/27       EV:  9    Int: 16    God:    Vehumet [****..]
Gold:   43         SH:  4    Dex: 10    Spells: 10/20 levels left

rFire   + + .        a - +2 dagger (elec)
rCold   x . .        l - +0 buckler
rNeg    . . .        n - +0 ring mail {rF+}
rPois   +            e - +2 helmet
rElec   .            S - +0 cloak {rPois}
rCorr   .            f - +0 pair of gloves
SInv    .            (no boots)
Will    +....        I - amulet of regeneration
Stlth   +            B - ring of magical power
HPRegen 1.15/turn    N - ring of fire
MPRegen 0.20/turn

%: no passive effects
@: studying Armour
A: runic magic, artefact enchanting
a: Renounce Religion


You were on level 8 of the Dungeon.
You worshipped Vehumet.
Vehumet was greatly pleased with you.
You visited 2 branches of the dungeon, and saw 11 of its levels.
You also visited: Sewer.

You collected 648 gold pieces.
You spent 605 gold pieces at shops.

Inventory:

Hand Weapons
 a - a +2 dagger of electrocution (weapon)
 b - the +1 dagger "Nekheink" {freeze, rElec Str+5 Int+5}
   (You found it on level 2 of the Dungeon)

   Str+5:     It affects your strength (+5).
   Int+5:     It affects your intelligence (+5).
   rElec:     It insulates you from electricity.
Missiles
 K - 11 throwing nets
Armour
 e - a +2 helmet (worn)
 f - a +0 pair of gloves (worn)
 g - a +0 kite shield
 l - a +0 buckler (worn)
 n - a +0 ring mail of fire resistance (worn)
 C - a +4 chain mail of poison resistance
 S - a +0 cloak of poison resistance (worn)
Magical Staves
 w - the staff "Aciacvun" {rN+ Dex+2 Conj}
   (You found it on level 10 of the Dungeon)

   [staff of conjuration]

   Base accuracy: +5 Base damage: 5 Base attack delay: 1.2 This weapon's minimum
   attack delay (0.6) is reached at skill level 12.
   Dex+2:     It affects your dexterity (+2).
   rN+:       It protects you from negative energy.
   Conj:      It increases the power of your Conjurations spells.
   It falls into the 'Staves' category.
   It is a one-handed weapon.
Jewellery
 d - a ring of willpower
 j - a +6 ring of dexterity
 k - a ring of resist corrosion
 q - an amulet of faith
 B - a ring of magical power (left hand)
 I - an amulet of regeneration (around neck)
 N - a ring of fire (right hand)
 O - a ring of willpower
 T - a ring of positive energy
 U - a ring of ice
Talismans
 p - a beast talisman
 s - a blade talisman
 z - a serpent talisman
Wands
 c - a wand of flame (21)
 h - a wand of iceblast (22)
 u - a wand of mindburst (10)
 G - a wand of paralysis (31)
 W - a wand of acid (5)
Scrolls
 m - 4 scrolls of teleportation
 o - a scroll of fear
 r - a scroll of brand weapon {unknown}
 y - a scroll of enchant weapon {unknown}
 A - a scroll of acquirement {unknown}
 D - 4 scrolls of amnesia
 J - 2 scrolls of poison {unknown}
 M - 4 scrolls of identify
 P - a scroll of fog {unknown}
 R - a scroll of blinking
 V - a scroll of torment {unknown}
Potions
 i - a potion of magic
 t - a potion of mutation
 v - a potion of heal wounds
 x - 2 potions of curing
 E - 2 potions of berserk rage {unknown}
 F - 2 potions of might {unknown}
 H - 2 potions of enlightenment
 L - a potion of resistance {unknown}
 Q - 2 potions of lignification


   Skills:
 + Level 8.5 Fighting
 * Level 8.1 Short Blades
 - Level 10.0 Armour
 - Level 1.3 Dodging
 - Level 1.4 Stealth
 - Level 5.0 Shields
 - Level 5.0 Spellcasting
 - Level 2.0 Conjurations
 - Level 1.0 Translocations
 - Level 10.0 Fire Magic


You had 10 spell levels left.
You knew the following spells:

 Your Spells              Type           Power      Damage    Failure   Level
a - Foxfire               Conj/Fire      100%       2x1d9     1%          1
b - Scorch                Fire           100%       2d9       1%          2
c - Volatile Blastmotes   Fire/Tloc      64%        2d15      1%          3
d - Flame Wave            Conj/Fire      34%        2d10      5%          4

Your spell library contained the following spells:

 Spells                   Type           Power      Damage    Failure   Level
 Ignite Poison            Fire/Alch      30%        N/A       8%          4
 Inner Flame              Hex/Fire       30%        N/A       2%          3
 Apportation              Tloc           14%        N/A       14%         1
 Ensorcelled Hibernation  Hex/Ice        8%         N/A       32%         2
 Jinxbite                 Hex            8%         N/A       32%         2
 Call Canine Familiar     Summ           4%         N/A       54%         3
 Fugue of the Fallen      Necr           4%         N/A       54%         3
 Sigil of Binding         Hex            4%         N/A       54%         3
 Dimensional Bullseye     Hex/Tloc       2%         N/A       87%         4
 Anguish                  Hex/Necr       2%         N/A       91%         4
 Animate Dead             Necr           4%         N/A       91%         4
 Alistair's Intoxication  Alch           2%         N/A       99%         5
 Haunt                    Necr/Summ      2%         N/A       100%        7
 Infestation              Necr           2%         N/A       100%        8


Dungeon Overview and Level Annotations

Branches:
Dungeon (10/15)            Temple (0/1) D:6            Lair (1/5) D:8
  Sewer (visited)
    Orc: D:9-12

Altars:
Cheibriados
Fedhas
Hepliaklqana
Qazlal
Sif Muna
Vehumet
The Shining One

Shops:
D:6 (=   D:7 !

Annotations:
D:2 Sigmund


Innate Abilities, Weirdness & Mutations

Your spellcasting is much less encumbered by armour.
You can use scrolls of enchantment on lesser artefacts.


Message History

Casting: Scorch (safe; 1% risk of failure)
Confirm with . or Enter, or press ? or * to list all spells.
You feel a surge of power!
Flames lash the yak.
The yak is severely wounded.
The yak's fire resistance burns away.
You block the cane toad's attack.
Casting: Scorch (safe; 1% risk of failure)
Confirm with . or Enter, or press ? or * to list all spells.
You feel a surge of power!
Flames lash the yak.
The yak is burned terribly!
You kill the yak!
Vehumet accepts your kill.
You feel your power returning. The cane toad barely misses you.
Casting: Scorch (safe; 1% risk of failure)
Confirm with . or Enter, or press ? or * to list all spells.
You feel a surge of power!
Flames lash the cane toad but do no damage.
The cane toad barely misses you. The cane toad stings you!
Casting: Scorch (safe; 1% risk of failure)
Confirm with . or Enter, or press ? or * to list all spells.
You feel a surge of power!
Flames lash the yak.
The yak is burned terribly!
The yak is heavily wounded.
The cane toad stings you!
You are poisoned.
The cane toad poisons you!
Casting: Scorch (safe; 1% risk of failure)
Confirm with . or Enter, or press ? or * to list all spells.
You feel a surge of power!
Flames lash the cane toad.
The cane toad is heavily wounded.
The cane toad's fire resistance burns away.
You feel very sick. The cane toad closely misses you.
Casting: Scorch (safe; 1% risk of failure)
Confirm with . or Enter, or press ? or * to list all spells.
You feel a surge of power!
Flames lash the cane toad.
The cane toad is burned terribly!
The cane toad is almost dead.
You feel very sick. The cane toad stings you!
* * * LOW HITPOINT WARNING * * *
You feel better. The cane toad stings you!!
You die...

.## #≈...>...≈#....# ..#
#.........#....# ..#
#.##...##.##.### ..#
##..#...#..##.#
..#####.#...≈...#.#.#
.....##....###......#
..##..#.........Y...#
.###..##########F#### ##
#...# #@# #...# #.# ####...#
####.# #####
.......######....# ##...##
..###............# ##.###.##
..###..PPPPPPP...####.#####.#
#..............#.........##.#
#.###..P.PPP.P...####.##.##.#
#......P.....P..## ##.#.#.##


You could see a yak (combustible) and a cane toad (combustible).

Vanquished Creatures
  Erica (D:10)
  Nergalle (Lair:1)
  Joseph (D:10)
  Maggie (D:10)
  A komodo dragon (Lair:1)
  3 trolls
  2 wyverns
  16 yaks
  3 steam dragons
  Edmund (D:5)
  An acid dragon (D:8)
  Duvessa (D:4)
  4 water moccasins
  A black bear (D:6)
  A sky beast (D:7)
  An ogre (D:5)
  A wolf (D:7)
  A centaur (D:10)
  2 phantoms
  A kobold brigand (D:8)
  5 bullfrogs
  2 gnoll sergeants (D:7)
  3 scorpions (D:4)
  4 wights
  Dowan (D:5)
  16 killer bees
  2 howler monkeys (D:5)
  A crimson imp (D:6)
  8 orc priests
  A gnoll bouda (D:7)
  5 hounds
  Terence (D:3)
  A hell rat (Sewer)
  4 iguanas
  12 orc wizards
  A sleepcap (D:5)
  Natasha (thrice) (D:3)
  Robin (D:3)
  19 gnolls
  11 adders
  2 river rats (Sewer)
  A shadow imp (D:5)
  3 white imps
  4 ufetubi
  3 dart slugs
  3 ribbon worms
  38 orcs
  6 bats
  7 endoplasms
  4 giant cockroaches
  12 goblins
  9 hobgoblins
  4 jackals (D:7)
  A quokka (D:1)
  10 ball pythons
  2 goblin skeletons (D:6)
  3 goblin zombies (D:6)
  2 hobgoblin zombies (D:6)
  12 kobolds
  2 kobold skeletons (D:6)
  2 kobold zombies (D:6)
  An orc zombie (D:6)
  15 rats
291 creatures vanquished.

Vanquished Creatures (collateral kills)
  2 foxfires (D:8)
2 creatures vanquished.

Vanquished Creatures (others)
  507 foxfires
507 creatures vanquished.

Grand Total: 800 creatures vanquished

Notes
Turn   | Place    | Note
-------+----------+-------------------------------------------
     0 | D:1      | SirFunk the Mountain Dwarf Fire Elementalist began the
                  | quest for the Orb.
     0 | D:1      | Reached XP level 1. HP: 14/14 MP: 3/3
   177 | D:1      | Found a faded altar of an unknown god.
   209 | D:1      | Reached XP level 2. HP: 20/20 MP: 1/4
   284 | D:1      | Learned a level 2 spell: Scorch
   929 | D:1      | Reached XP level 3. HP: 26/26 MP: 3/5
  1128 | D:2      | Reached skill level 1 in Conjurations
  1131 | D:2      | Reached skill level 5 in Fire Magic
  1159 | D:2      | Learned a level 3 spell: Volatile Blastmotes
  1253 | D:2      | Identified the +1 dagger "Nekheink" {freeze, rElec Str+5
                  | Int+5}
  1274 | D:2      | Noticed Sigmund
  1349 | D:2      | Found a radiant altar of Vehumet.
  1363 | D:2      | Became a worshipper of Vehumet
  1588 | D:3      | Noticed Terence
  1593 | D:3      | Reached XP level 4. HP: 33/33 MP: 4/7
  1643 | D:3      | Killed Terence
  1930 | D:3      | Noticed Natasha
  1934 | D:3      | Killed Natasha
  1977 | D:3      | Reached XP level 5. HP: 38/38 MP: 1/8
  2087 | D:3      | Reached skill level 1 in Translocations
  2249 | D:3      | Noticed Robin
  2269 | D:2      | Reached * piety under Vehumet
  2269 | D:2      | Offered knowledge of Sandblast by Vehumet.
  2311 | D:3      | Killed Robin
  2948 | D:4      | Reached XP level 6. HP: 42/46 MP: 10/10
  3017 | D:4      | Reached skill level 1 in Fighting
  3180 | D:4      | Reached skill level 1 in Armour
  3180 | D:4      | Reached skill level 1 in Shields
  3331 | D:3      | Noticed Natasha
  3341 | D:3      | Killed Natasha
  3341 | D:3      | Offered knowledge of Searing Ray by Vehumet.
  3531 | D:3      | Noticed Natasha
  3540 | D:3      | Killed Natasha
  3540 | D:3      | Reached ** piety under Vehumet
  3843 | D:4      | Reached XP level 7. HP: 45/55 MP: 5/11
  4382 | D:5      | Entered Level 5 of the Dungeon
  4382 | D:5      | Noticed Dowan
  4385 | D:5      | Noticed Duvessa
  4391 | D:5      | Killed Dowan
  4614 | D:5      | Found a glowing drain.
  4717 | Sewer    | Entered a sewer
  4763 | Sewer    | Offered knowledge of Frozen Ramparts by Vehumet.
  4949 | D:5      | Reached XP level 8. HP: 62/65 MP: 4/12
  4962 | D:5      | Noticed Edmund
  5056 | D:4      | Killed Duvessa
  5057 | D:4      | Reached skill level 5 in Armour
  5071 | D:5      | Killed Edmund
  5932 | D:6      | Found Ynyr's Weapon Shop.
  5998 | D:6      | Reached skill level 1 in Short Blades
  6081 | D:6      | Reached *** piety under Vehumet
  6132 | D:6      | Found a glowing golden altar of the Shining One.
  6312 | D:6      | Learned a level 4 spell: Flame Wave
  6369 | D:6      | Found a hazy altar of Hepliaklqana.
  6369 | D:6      | Found a snail-covered altar of Cheibriados.
  6375 | D:6      | Found a faded altar of an unknown god.
  6377 | D:6      | Found a faded altar of an unknown god.
  6379 | D:6      | Found a shimmering blue altar of Sif Muna.
  6632 | D:6      | Found a staircase to the Ecumenical Temple.
  6676 | D:6      | Offered knowledge of Brom's Barrelling Boulder by Vehumet.
  6858 | D:6      | Found Nurghidda's Jewellery Emporium.
  6937 | D:7      | Reached XP level 9. HP: 73/73 MP: 14/14
  7010 | D:6      | Reached skill level 5 in Fighting
  7861 | D:7      | Reached **** piety under Vehumet
  7934 | D:7      | Offered knowledge of Iskenderun's Mystic Blast by Vehumet.
  8497 | D:7      | Reached skill level 5 in Short Blades
  8497 | D:7      | Reached XP level 10. HP: 41/83 MP: 9/17
  8680 | D:7      | Found Murot's Distillery.
  8744 | D:6      | Bought an amulet of regeneration for 330 gold pieces
  9301 | D:8      | Found a blossoming altar of Fedhas.
  9467 | D:8      | Found a staircase to the Lair.
  9534 | Lair:1   | Entered Level 1 of the Lair of Beasts
  9568 | Lair:1   | Noticed Nergalle
  9796 | D:8      | Found a stormy altar of Qazlal.
 10422 | D:9      | Reached skill level 5 in Spellcasting
 10587 | D:9      | Reached skill level 10 in Fire Magic
 10821 | D:9      | Reached ***** piety under Vehumet
 10821 | D:9      | Offered knowledge of Ignite Poison by Vehumet.
 11152 | D:10     | Entered Level 10 of the Dungeon
 11181 | D:10     | Noticed Joseph
 11440 | D:10     | Killed Joseph
 11502 | D:10     | Noticed Maggie
 11519 | D:10     | Killed Maggie
 11658 | D:10     | Noticed Erica
 11666 | D:10     | Killed Erica
 11667 | D:10     | Reached skill level 10 in Armour
 11667 | D:10     | Reached skill level 5 in Shields
 11667 | D:10     | Reached XP level 11. HP: 65/93 MP: 13/18
 11899 | D:10     | Identified the staff "Aciacvun" {rN+ Dex+2 Conj}
 12358 | D:6      | Bought a ring of fire for 275 gold pieces
 12446 | Lair:1   | Killed Nergalle
 12896 | D:8      | Slain by a cane toad

Illustrated notes

Levels and vault maps discovered:
D:1:      wander_arrival_desolate, layout_basic, ebering_ecumenical_altar_box
D:2:      layout_basic, basic_altar, uniq_sigmund
D:3:      layout_basic, uniq_terence, uniq_robin, uniq_natasha
D:4:      layout_loops_ring, minmay_manual_maat
D:5:      layout_cave_pools, gup_sewer_entry_glass, grunt_decor_mini_mirrors,
          uniq_duvessa, uniq_edmund
D:6:      black_bear_nest_1, layout_basic, chequers_temple_overflow_minitemple,
          nicolae_tso_besieged_by_evil, minmay_temple_entry_tees, serial_shops,
          nicolae_shop_trees, nicolae_shop_bloodbath_and_beyond
D:7:      layout_cave_pools, serial_gnoll_camp, gnoll_camp_mini_loothouse,
          gnoll_camp_medium_01, gnoll_camp_mini_doghouse, gnoll_camp_mini_shop,
          kennysheep_generic_room_6
D:8:      layout_loops_ring, mainiacjoe_overflow_cross_hatched,
          nicolae_qazlal_general_emergency, dpeg_oklobed_lair
D:9:      layout_roguey, kennysheep_generic_room_11
D:10:     layout_cave_pools, chequers_serial_rivers_room_a, minivault_10,
          uniq_joseph, uniq_erica, uniq_maggie
Lair:1:   layout_roguey, special_room [special_room_bee], minivault_27,
          grunt_forest_large_clearings, serial_bayou_shore_b, uniq_nergalle

Skill      XL: |  1  2  3  4  5  6  7  8  9 10 11 |
---------------+----------------------------------+-----
Fire Magic     | 4 5 6 7 8 9 10 | 10.0
Spellcasting   | 2 3 4 5 |  5.0
Conjurations   | 1 2 |  2.0
Translocations | 1 |  1.0
Fighting       | 2 3 4 6 7 8 |  8.5
Armour         | 2 4 7 8 10 | 10.0
Shields        | 2 3 4 5 |  5.0
Short Blades   | 2 5 7 8 |  8.1
Dodging        | |  1.3
Stealth        | |  1.4

Action                     |  1- 3 |  4- 6 |  7- 9 | 10-12 || total
---------------------------+-------+-------+-------+-------++-------
  Melee: Dagger            |    29 |    88 |   148 |    40 ||   305
         Unarmed           |     1 |       |       |       ||     1
   Cast: Foxfire           |    41 |    13 |   127 |   117 ||   298
         Scorch            |       |    28 |    91 |   111 ||   230
         Volatile Blastmot |       |    14 |    21 |    22 ||    57
         Flame Wave        |       |       |       |    17 ||    17
    Use: Scroll            |       |     5 |     6 |     6 ||    17
         Potion            |       |     3 |     1 |     2 ||     6
   Stab: Sleeping          |     1 |       |       |       ||     1
         Invisible         |       |       |     3 |       ||     3
 Armour: Robe              |    12 |       |       |       ||    12
         Leather armour    |    23 |     4 |       |       ||    27
         Ring mail         |       |   119 |   181 |   166 ||   466
         Skin              |       |    29 |       |       ||    29
  Dodge: Dodged            |    24 |    35 |    78 |    74 ||   211
  Block: Buckler           |       |    21 |    55 |    37 ||   113

Table legend: (Time is in decaauts)
 A = Elapsed time spent in this place.
 B = Non-inter-level travel time spent in this place.
 C = Inter-level travel time spent in this place.
 D = Time resting spent in this place.
 E = Time spent auto-exploring this place.
 F = Levels seen in this place.
 G = Mean time per level.
                   A        B        C        D        E       F      G
               +--------+--------+--------+--------+--------+-----+--------+
         Total |  12918 |  12082 |    836 |   4401 |   3306 |  12 | 1076.5 |
       Dungeon |  12298 |  11464 |    834 |   4088 |   3281 |  10 | 1229.8 |
          Lair |    402 |    401 |      1 |    222 |      8 |   1 |  402.0 |
         Sewer |    216 |    216 |      0 |     91 |     17 |   1 |  216.0 |
               +--------+--------+--------+--------+--------+-----+--------+

Top non-repeatable levels by time:
     D:6: 2159 daAuts
     D:3: 1698 daAuts
     D:4: 1381 daAuts
     D:7: 1342 daAuts
     D:1: 1170 daAuts
     D:9: 1135 daAuts
     D:8: 1096 daAuts
     D:5: 976 daAuts
    D:10: 874 daAuts
     D:2: 463 daAuts
  Lair:1: 402 daAuts
   Sewer: 216 daAuts
